 Dungeon Crawl Stone Soup version 0.30-a0-377-g5cb311bc9f (webtiles) character file.

Game seed: 7928792067461981536

587 Shayle the Trooper (level 7, -6/54 HPs)
             Began as a Demonspawn Reaver on Nov 30, 2022.
             Mangled by an ogre
             ... wielding a +0 giant spiked club
              (16 damage)
             ... on level 4 of the Dungeon on Dec 1, 2022.
             The game lasted 00:18:07 (4031 turns).

Shayle the Trooper (Demonspawn Reaver)              Turns: 4031, Time: 00:18:08

Health: -6/54      AC:  8    Str: 12    XL:     7   Next: 15%
Magic:  11/11      EV: 11    Int: 16    God:
Gold:   227        SH:  0    Dex: 14    Spells: 8/12 levels left

rFire   . . .      SeeInvis .    q - +6 mace of Gallantry {vorpal, Dex+2}
rCold   . . .      Faith    .    (no shield)
rNeg    . . .      Spirit   .    b - +0 leather armour
rPois   .          Reflect  .    C - +2 hat
rElec   .          Harm     .    (no cloak)
rCorr   .          Rampage  .    (no gloves)
Will    .....                    t - +0 pair of boots
Stlth   ++........               (no amulet)
HPRegen 0.29/turn                (no ring)
MPRegen 0.24/turn                (no ring)

@: no status effects
A: hooves 1, thin metallic scales 1, foul stench 2, magic regeneration
a: no special abilities


You were on level 4 of the Dungeon.
You visited 1 branch of the dungeon, and saw 5 of its levels.
You also visited: Sewer.

You collected 227 gold pieces.

Inventory:

Hand Weapons
 a - a +0 hand axe
 q - the +6 mace of Gallantry (weapon) {vorpal, Dex+2}
   (You found it on level 2 of the Dungeon)

   It inflicts extra damage upon your enemies.
   Dex:       It affects your dexterity (+2).
Armour
 b - a +0 leather armour (worn)
 t - a +0 pair of boots (worn)
 C - a +2 hat (worn)
Magical Staves
 l - a staff of conjuration
Jewellery
 v - a ring of ice
Scrolls
 c - a scroll of vulnerability {unknown}
 d - 3 scrolls of teleportation
 f - a scroll of brand weapon {unknown}
 g - a scroll of torment {unknown}
 h - 2 scrolls of noise {unknown}
 i - 2 scrolls of butterflies {unknown}
 m - 3 scrolls of immolation {unknown}
 n - a scroll of enchant weapon {unknown}
 u - a scroll of silence {unknown}
 w - a scroll of fear {unknown}
 y - 2 scrolls of enchant armour {unknown}
Potions
 e - 2 potions of mutation
 j - 3 potions of curing
 k - a potion of attraction
 o - a potion of flight
 p - 3 potions of lignification
 r - a potion of resistance {unknown}
 s - a potion of ambrosia {unknown}
 x - 2 potions of heal wounds
 z - a potion of haste {unknown}
 A - 2 potions of magic
 B - a potion of invisibility {unknown}


   Skills:
 + Level 4.1 Fighting
 - Level 2.6 Axes
 + Level 2.9 Armour
 - Level 1.7 Dodging
 + Level 3.3 Stealth
 + Level 3.0 Spellcasting
 + Level 3.9 Conjurations
 + Level 2.0 Ice Magic


You had 8 spell levels left.
You knew the following spells:

 Your Spells              Type           Power      Damage    Failure   Level
a - Kiss of Death         Conj/Necr      32%        2d7       11%         1
b - Hailstorm             Conj/Ice       12%        3d5       21%         3

Your spell library contained the following spells:

 Spells                   Type           Power      Damage    Failure   Level
 Magic Dart               Conj           60%        1d6       4%          1
 Freeze                   Ice            32%        1d5       11%         1
 Momentum Strike          Conj/Tloc      16%        3d8       16%         2
 Apportation              Tloc           4%         N/A       24%         1
 Sandblast                Erth           4%         2d4       24%         1
 Ensorcelled Hibernation  Hex/Ice        10%        N/A       24%         2
 Frozen Ramparts          Ice            16%        1d3       30%         3
 Stone Arrow              Conj/Erth      16%        3d8       30%         3
 Call Imp                 Summ           2%         N/A       34%         2
 Passwall                 Tmut/Erth      1%         N/A       34%         2
 Mephitic Cloud           Conj/Pois/Air  6%         N/A       38%         3
 Gell's Gravitas          Tloc           2%         N/A       56%         3
 Lesser Beckoning         Tloc           4%         N/A       56%         3
 Swiftness                Air            2%         N/A       56%         3
 Teleport Other           Tloc           2%         N/A       56%         3
 Alistair's Intoxication  Tmut/Pois      1%         N/A       100%        5


Dungeon Overview and Level Annotations

Branches:
Dungeon (5/15)              Sewer (visited)
 Temple: D:4-7

Altars:
Nemelex Xobeh

Shops:
D:3 (


Innate Abilities, Weirdness & Mutations

You have large cloven feet.
You are partially covered in thin metallic scales. (AC +2)
You sometimes emit foul miasma when damaged in melee.
You regenerate magic rapidly.


Message History

The black bear barely misses you.
The black bear claws you but does no damage. x2
The black bear bites you. The black bear barely misses you.
The black bear claws you.
You emit a cloud of foul miasma!
You sock the black bear!
You kill the black bear!
Your Fighting skill increases to level 4!
Your Spellcasting skill increases to level 3!
Your Ice Magic skill increases to level 2!
You have reached level 7!
Your demonic ancestry asserts itself...
Your feet thicken and deform.
You start resting.
HP restored.
You now have 216 gold pieces (gained 14).
You now have 227 gold pieces (gained 11).
A kobold is nearby!
You strike the helpless kobold from behind!
You sock the kobold!
You kill the kobold!
Things that are here:
a +0 club; a stone; a kobold corpse You see here a +0 flail.
The ogre shouts!
The ogre barely misses you.
You thump the ogre!
The ogre is moderately wounded.
The ogre hits you with a +0 giant spiked club!!
Ouch! That really hurt!
You emit a cloud of foul miasma!
You hit the ogre.
The ogre is severely wounded.
The ogre is engulfed in dark miasma.
The ogre is poisoned.
The ogre hits you with a +0 giant spiked club!
* * * LOW HITPOINT WARNING * * *
You hit the ogre.
The ogre is severely wounded.
The ogre is engulfed in dark miasma.
The ogre looks even sicker.
The ogre hits you with a +0 giant spiked club!
You die...

... ####### ...
......# .... ......#
..... ####### ##...
##....#. ...
...####. ######O#
#####.#.####..##@.#
#............##
#..........##......
#.........## .#####
#.........#...#
#.....)......##
#####..........#....
#.........##.### .##
..###........# ..#


You could see an ogre (very poisoned).

Vanquished Creatures
  A water moccasin (Sewer)
  A black bear (D:4)
  3 hounds (D:5)
  Jessica (D:2)
  Natasha (thrice) (D:2)
  2 orc wizards
  A river rat (D:4)
  6 adders
  2 worms
  4 dart slugs
  7 orcs
  6 bats
  6 endoplasms
  3 giant cockroaches
  4 goblins
  4 hobgoblins
  2 jackals (Sewer)
  10 kobolds
  A quokka (D:3)
  10 ball pythons
  3 frilled lizards
  4 rats
84 creatures vanquished.

Notes
Turn   | Place    | Note
-------+----------+-------------------------------------------
     0 | D:1      | Shayle the Demonspawn Reaver began the quest for the Orb.
     0 | D:1      | Reached XP level 1. HP: 16/16 MP: 3/3
   434 | D:1      | Gained mutation: You are partially covered in thin metallic
                  | scales. (AC +2) [demonic ancestry]
   434 | D:1      | Reached XP level 2. HP: 13/22 MP: 5/5
   479 | D:1      | Found a faded altar of an unknown god.
   554 | D:1      | Reached skill level 1 in Stealth
   857 | D:1      | Reached skill level 1 in Armour
  1187 | D:1      | Gained mutation: You regenerate magic rapidly. [demonic
                  | ancestry]
  1187 | D:1      | Reached XP level 3. HP: 13/28 MP: 6/6
  1368 | D:2      | Noticed Jessica
  1381 | D:2      | Killed Jessica
  1525 | D:2      | Noticed Natasha
  1565 | D:2      | Killed Natasha
  1566 | D:2      | Reached skill level 3 in Fighting
  1566 | D:2      | Gained mutation: You may rarely emit foul miasma when
                  | damaged in melee. [demonic ancestry]
  1566 | D:2      | Reached XP level 4. HP: 24/35 MP: 7/7
  1676 | D:2      | Learned a level 3 spell: Hailstorm
  1999 | D:2      | Noticed Natasha
  2003 | D:2      | Identified the +6 mace of Gallantry {vorpal, Dex+2}
  2006 | D:2      | Killed Natasha
  2279 | D:2      | Noticed Natasha
  2291 | D:2      | Killed Natasha
  2292 | D:2      | Reached XP level 5. HP: 35/41 MP: 8/8
  2646 | D:3      | Found a sparkling altar of Nemelex Xobeh.
  2724 | D:3      | Found Hivot's Weapon Shop.
  2836 | D:3      | Reached skill level 1 in Ice Magic
  3171 | D:4      | Found a glowing drain.
  3190 | D:4      | Gained mutation: You sometimes emit foul miasma when
                  | damaged in melee. [demonic ancestry]
  3190 | D:4      | Reached XP level 6. HP: 17/47 MP: 9/9
  3199 | Sewer    | Entered a sewer
  3355 | Sewer    | Noticed a water moccasin
  3363 | Sewer    | Killed a water moccasin
  3489 | D:5      | Entered Level 5 of the Dungeon
  3863 | D:4      | Reached skill level 4 in Fighting
  3863 | D:4      | Gained mutation: You have large cloven feet. [demonic
                  | ancestry]
  3863 | D:4      | Reached XP level 7. HP: 42/54 MP: 11/11
  4031 | D:4      | Mangled by an ogre

Illustrated notes

Levels and vault maps discovered:
D:1:      dpeg_arrival_water_temple_mockup, layout_loops_corners,
          ebering_ecumenical_altar_abandoned, roderic_lattice_a
D:2:      layout_basic, fountainhead, uniq_natasha, uniq_jessica
D:3:      layout_rooms, jmf_multi_god_temple, serial_shops, shop
D:4:      minmay_angry_zag, layout_rooms, portal_sewer_entry_b
D:5:      layout_rooms, lemuel_flamethrower_2

Skill      XL: |  1  2  3  4  5  6 |
---------------+-------------------+-----
Stealth        | 1 2 3 |  3.3
Armour         | 1 2 |  2.9
Fighting       | 3 4 |  4.1
Ice Magic      | 1 2 |  2.0
Spellcasting   | 3 |  3.0
Axes           | |  2.6
Dodging        | |  1.7
Conjurations   | |  3.9

Action                   |  1- 3 |  4- 6 |  7- 9 || total
-------------------------+-------+-------+-------++-------
Melee: Hand axe          |   128 |    43 |       ||   171
       Punch             |     1 |     1 |       ||     2
       Mace              |       |   124 |     4 ||   128
  Use: Scroll            |       |     7 |       ||     7
 Stab: Sleeping          |     2 |     3 |       ||     5
       Distracted        |       |       |     1 ||     1
Armor: Leather armour    |    43 |    78 |       ||   121
Dodge: Dodged            |    70 |   126 |     1 ||   197

Table legend: (Time is in decaauts)
 A = Elapsed time spent in this place.
 B = Non-inter-level travel time spent in this place.
 C = Inter-level travel time spent in this place.
 D = Time resting spent in this place.
 E = Time spent auto-exploring this place.
 F = Levels seen in this place.
 G = Mean time per level.
                   A        B        C        D        E       F      G
               +--------+--------+--------+--------+--------+-----+--------+
         Total |   4135 |   4086 |     49 |    342 |   2412 |   6 |  689.2 |
       Dungeon |   3853 |   3804 |     49 |    283 |   2273 |   5 |  770.6 |
         Sewer |    282 |    282 |      0 |     59 |    139 |   1 |  282.0 |
               +--------+--------+--------+--------+--------+-----+--------+

Top non-repeatable levels by time:
     D:1: 1272 daAuts
     D:2: 1210 daAuts
     D:3: 584 daAuts
     D:4: 578 daAuts
   Sewer: 282 daAuts
     D:5: 207 daAuts
